AoeStats
← Schwarz_97

Arabia

510412049Analyzed
1v1 RM · 2d ago on Sep 30, 2026· 83m 10s· 2 players
Game mode
Random Map
Map size
Tiny (2 player)
Population
200
Speed
Normal
Resources
Standard
Victory
Conquest
Starting age
Dark Age
Ending age
Imperial Age
RankedLock teamsTeams togetherTeam positionsShared explorationLock speedFull tech treeHidden civsTurbo modeCheats
Victory
Defeat
🇩🇪 Varangians · Germany
1204
+15
🇺🇸 Lithuanians · United States
1175
-15
KAZR
4:51 Loom
8:34 Feudal Age
9:10 Double-Bit Axe
11:24 Horse Collar
19:18 Castle Age
20:57 Scale Barding Armor
21:14 Husbandry
21:25 Bloodlines
24:07 Bow Saw
25:03 Forging
27:18 Fletching
31:04 Wheelbarrow
32:24 Chain Barding Armor
33:10 Iron Casting
32:49 Town Watch
33:06 Gold Mining
37:51 Imperial Age
36:09 Scale Mail Armor
36:43 Pikeman
37:23 Squires
37:35 Stone Mining
38:35 Chain Mail Armor
37:42 Man-at-Arms
39:16 Plate Barding Armor
38:35 Halberdier
40:49 Chemistry
40:13 Bodkin Arrow
39:54 Cavalier
40:12 Long Swordsman
41:08 Two-Handed Swordsman
43:33 Conscription
43:40 Bracer
46:09 Two-Man Saw
48:10 Stone Shaft Mining
49:22 Padded Archer Armor
49:09 Elite Leitis
56:19 Leather Archer Armor
56:16 Masonry
56:41 Champion
58:35 Ring Archer Armor
58:39 Architecture
58:00 Light Cavalry
61:24 Herbal Medicine
63:56 Winged Hussar
71:38 Heavy Plow
73:28 Crop Rotation
75:06 Hoardings
76:30 Hand Cart
81:58 Town Patrol
Schwarz_97
3:35 Loom
9:41 Feudal Age
10:19 Double-Bit Axe
12:29 Horse Collar
21:24 Castle Age
21:02 Scale Barding Armor
21:09 Forging
21:15 Bloodlines
22:02 Scale Mail Armor
22:42 Pikeman
27:46 Husbandry
28:35 Gold Mining
29:20 Bow Saw
30:49 Squires
30:35 Arson
31:02 Gambesons
34:53 Chain Mail Armor
35:14 Iron Casting
40:28 Imperial Age
40:31 Gothikon
40:48 Elite Varangian Guard
42:11 Plate Mail Armor
44:39 Conscription
51:48 Cavalier
62:00 Blast Furnace
61:46 Light Cavalry
63:44 Two-Man Saw
Connection lost

Rejoining the realm…

Still unreachable

The connection could not be restored.

Session expired

The server has moved on; the page needs a fresh start.